 Dungeon Crawl Stone Soup version 0.28.0-53-g5a82cb258f (webtiles) character file.

Game seed: 16402284895757667607

5 styxcanada the Sneak (level 1, 0/10 HPs)
             Began as a Spriggan Brigand on Aug 12, 2022.
             Slain by a bat (1 damage)
             ... on level 1 of the Dungeon.
             The game lasted 00:01:44 (136 turns).

styxcanada the Sneak (Spriggan Brigand)              Turns: 136, Time: 00:01:45

Health: 0/10       AC:  3    Str:  7    XL:     1   Next: 66%
Magic:  2/2        EV: 16    Int: 12    God:
Gold:   0          SH:  0    Dex: 16    Spells: 0/0 levels left

rFire   . . .      SeeInvis +   a - +2 dagger
rCold   . . .      Faith    .   (no shield)
rNeg    . . .      Spirit   .   b - +0 robe
rPois   .          Reflect  .   (helmet restricted)
rElec   .          Harm     .   c - +0 cloak
rCorr   .          Rampage  .   (gloves unavailable)
Will    .....                   (boots unavailable)
Stlth   +++.......              (no amulet)
HPRegen 0.03/turn               (no ring)
MPRegen 0.08/turn               (no ring)

@: very quick
A: very small, no large weapons, unfitting armour, see invisible, speed 3
a: no special abilities


You were on level 1 of the Dungeon.
You visited 1 branch of the dungeon, and saw 1 of its levels.

Inventory:

Hand Weapons
 a - a +2 dagger (weapon)
Missiles
 d - 4 poisoned darts (quivered)
 e - 2 curare-tipped darts
Armour
 b - a +0 robe (worn)
 c - a +0 cloak (worn)


   Skills:
 + Level 1.5 Fighting
 + Level 2.3 Short Blades
 + Level 2.0 Throwing
 + Level 1.3 Dodging
 + Level 6.2 Stealth


You couldn't memorise any spells.
You didn't know any spells.
Your spell library was empty.

Dungeon Overview and Level Annotations

Branches:
Dungeon (1/15)

Altars:


Innate Abilities, Weirdness & Mutations

You are very small and have problems with some larger weapons.
You are too small for most types of armour.
You have supernaturally acute eyesight. (SInv)
You cover ground extremely quickly. (Speed+++)


Message History

You hit the endoplasm.
The endoplasm is lightly wounded.
The bat hits you but does no damage. The bat completely misses you.
The endoplasm barely misses you.
You hit the endoplasm.
The endoplasm is heavily wounded.
The bat hits you but does no damage.
The endoplasm hits you but does no damage.
The bat barely misses you.
You hit the endoplasm.
The endoplasm is severely wounded.
The bat misses you. The bat hits you but does no damage.
The endoplasm misses you.
You hit the endoplasm.
You kill the endoplasm!
The bat misses you. The bat barely misses you.
The bat hits you but does no damage.
You barely miss the bat. The bat completely misses you.
The bat barely misses you. The bat closely misses you. The bat misses you.
The bat closely misses you. The bat completely misses you.
You closely miss the bat. The bat completely misses you. The bat misses you.
You barely miss the bat. The bat closely misses you.
The goblin shouts!
You hit the bat.
The bat is heavily wounded.
The bat hits you.
* * * LOW HITPOINT WARNING * * *
You hit the bat.
The bat is severely wounded.
The bat closely misses you. The bat barely misses you.
You hit the bat.
The bat is severely wounded.
The bat misses you. x2
A rat comes into view.
You miss the bat.
The bat is severely wounded.
The bat misses you. The bat hits you.
You die...

###..........#
............
##########.........
..K.........(..##.#
................#.#
..................#
#########...b...b##
##### ##########b#
....##..(... #@#
........................
...............##..#.##.
#............g. ..#
#............. ..#
.............. ..#
....##...r... ..# ..###
....... ... ...# .....


You could see a goblin, 2 bats and a rat (wandering).

Vanquished Creatures
  An endoplasm (D:1)
  A giant cockroach (D:1)
  A goblin (D:1)
  A bat (D:1)
  A rat (D:1)
5 creatures vanquished.

Notes
Turn   | Place    | Note
-------+----------+-------------------------------------------
     0 | D:1      | styxcanada the Spriggan Brigand began the quest for the
                  | Orb.
     0 | D:1      | Reached XP level 1. HP: 10/10 MP: 2/2
    41 | D:1      | Reached skill level 6 in Stealth
   136 | D:1      | Slain by a bat

Illustrated notes

Levels and vault maps discovered:
D:1:      psy_arrival_whirlpool, layout_basic

Skill      XL: |  1 |
---------------+----+-----
Stealth        | 6 |  6.2
Fighting       | |  1.5
Short Blades   | |  2.3
Throwing       | |  2.0
Dodging        | |  1.3

Action                   || total
-------------------------++-------
Melee: Dagger            ||    27
Throw: Dart              ||     9
Armor: Robe              ||    17
Dodge: Dodged            ||    54
